 Dungeon Crawl Stone Soup version 0.32-a0-814-g0968bab981 (webtiles) character file.

Game seed: 1006038048615554769

1 warriortoast the Ruffian (level 1, 13/13 HPs)
             Began as an Octopode Shapeshifter on Mar 22, 2024.
             Was an Initiate of Ashenzari.
             Got out of the dungeon alive.
             The game lasted 00:01:14 (159 turns).

warriortoast the Ruffian (Octopode Shapeshifter)     Turns: 159, Time: 00:01:15

Health: 13/13      AC:  1    Str: 13    XL:     1   Next: 20%
Magic:  1/1        EV: 12    Int: 12    God:    Ashenzari [......]
Gold:   17         SH:  0    Dex: 11    Spells: 0/0 levels left

rFire   . .          .
                       - Unarmed
rCold   . . .        (no shield)
rNeg    . . .        (helmet currently unavailable)
rPois   .            (no amulet)
rElec   .            (no ring)
rCorr   .            (no ring)
SInv    .            (no ring)
Will    .....        (no ring)
Stlth   ++           (no ring)
HPRegen 0.22/turn    (no ring)
MPRegen 0.07/turn    (no ring)
                     (no ring)

%: no passive effects
@: beast-form
A: beast (slay +1), almost no armour, amphibious, 8 rings, camouflage 1,
gelatinous body 1, (nimble swimmer 1), tentacles
a: Begin Untransformation, Renounce Religion, Curse Item


You escaped.
You worshipped Ashenzari.
Ashenzari was noncommittal.
You were a hulking beast.
You visited 1 branch of the dungeon, and saw 1 of its levels.

You collected 17 gold pieces.

Inventory:

Talismans
 b - a beast talisman (active)
 c - a flux talisman
Scrolls
 d - a scroll of enchant weapon {unknown}
 e - 2 scrolls of teleportation {unknown}
 f - a scroll of identify {unknown}
Potions
 a - a potion of lignification


   Skills:
 + Level 1.0 Fighting
 - Level 2.0 Dodging
 + Level 0.2 Stealth
 + Level 3.0 Unarmed Combat
 + Level 3.0 Shapeshifting


You couldn't memorise any spells.
You didn't know any spells.
Your spell library contained the following spells:

 Spells                   Type           Power      Damage    Failure   Level
 Foxfire                  Conj/Fire      0%         2x1d4     32%         1
 Magic Dart               Conj           0%         1d3       32%         1
 Blink                    Tloc           0%         N/A       45%         2
 Call Imp                 Summ           0%         N/A       45%         2


Dungeon Overview and Level Annotations

Branches:
Dungeon (1/15)

Altars:
Ashenzari


Innate Abilities, Weirdness & Mutations

You are a hulking beast.
Your limbs bulge with bestial killing power. (Slay +1)
You cannot wear most types of armour.
You are amphibious.
You can wear up to eight rings at the same time.
Your skin changes colour to match your surroundings (Stealth+).
Your rubbery body absorbs attacks. (AC +1, EV +1)
((You are camouflaged when in or above water. (Stealth+)))
You have tentacles for arms and can constrict up to eight enemies at once.


Message History

The frilled lizard bites you. The frilled lizard barely misses you.
You tentacle-slap the frilled lizard.
You kill the frilled lizard!
No target in view!
No target in view!
No target in view!
HP restored.
d - a scroll labelled KUDATEWNUN
e - a scroll labelled BAAQAM DOPHOO A frilled lizard comes into view.
Found a runed dagger.
A frilled lizard is nearby!
A frilled lizard is nearby!
A frilled lizard is nearby!
The frilled lizard barely misses you.
You bludgeon the frilled lizard!
You kill the frilled lizard!
No target in view!
No target in view!
No target in view!
No target in view!
f - a scroll labelled ZUSOLOZEESU You see here a +2 dagger of venom.
e - 2 scrolls labelled BAAQAM DOPHOO (gained 1)
Found a ring mail.
You see here a +0 ring mail.
You pick up a book of Minor Magic and begin reading...
You add the spells Magic Dart, Blink and Call Imp to your library.
A bat comes into view.
A bat is nearby!
A bat is nearby!
A bat is nearby!
Unknown command.
A bat is nearby!
You can't go up here!
You enter the shallow water.
There is a large open door here.
There is a staircase leading out of the dungeon here.
You have escaped!

♣#♣ #...
#...
#..#######
♣#..#.....#
♣#...#P....#
♣.#..'.....#
♣...'..hP.#
♣~..#.....#
##
##..#######
# #.
#.........
.. #.
#♣.^.......
#.# #.
#.~#♣#.#.##
#.##.# #.
#.## ♣.~#
#.##.###.
#.# ≈♣#
#.#......
#.# #
#.#......


There were no monsters in sight!

Vanquished Creatures
  2 frilled lizards (D:1)
2 creatures vanquished.

Notes
Turn   | Place    | Note
-------+----------+-------------------------------------------
     0 | D:1      | warriortoast the Octopode Shapeshifter began the quest for
                  | the Orb.
     0 | D:1      | Reached XP level 1. HP: 13/13 MP: 1/1
    26 | D:1      | Found a faded altar of an unknown god.
    36 | D:1      | Got Plato's Papyrus of Sparks
    43 | D:1      | Prayed at the altar of an unknown god.
    43 | D:1      | Became a worshipper of Ashenzari the Shackled
   159 | D:$      | Got out of the dungeon alive.

Illustrated notes

Levels and vault maps discovered:
D:1:      saegor_arrival_under_anarchy, layout_basic,
          shapermc_ecumenical_altar_rom_forum

Action                     || total
---------------------------++-------
  Melee: Unarmed           ||     2
 Armour: Skin              ||     1
  Dodge: Dodged            ||     2

Table legend: (Time is in decaauts)
 A = Elapsed time spent in this place.
 B = Non-inter-level travel time spent in this place.
 C = Inter-level travel time spent in this place.
 D = Time resting spent in this place.
 E = Time spent auto-exploring this place.
 F = Levels seen in this place.
 G = Mean time per level.
                   A        B        C        D        E       F      G
               +--------+--------+--------+--------+--------+-----+--------+
         Total |    158 |    115 |     43 |      0 |     82 |   1 |  158.0 |
       Dungeon |    158 |    115 |     43 |      0 |     82 |   1 |  158.0 |
               +--------+--------+--------+--------+--------+-----+--------+

Top non-repeatable levels by time:
     D:1: 158 daAuts
